 Dungeon Sprint DCSS version 0.15-a0-1403-g2cecdf4 (webtiles) character file.

171 PolkaDot the Jinx (level 5, -8/35 HPs)
             Began as a Vampire Enchanter on June 11, 2014.
             Mangled by a slime creature (13 damage)
             ... in the Dungeon (Sprint I: "Red Sonja").
             The game lasted 00:02:11 (365 turns).

PolkaDot the Jinx (Vampire Enchanter)                Turns: 365, Time: 00:02:11

HP  -8/35        AC  3     Str  7      XL: 5   Next: 26%
MP   9/9         EV 12     Int 18      God:
Gold 117         SH  0     Dex 14      Spells:  3 memorised,  2 levels left

rFire  . . .     SeeInvis +     a - +1 dagger
rCold  . . .     Clarity  .     b - +1 robe
rNeg   + . .     rCorr    .     (no shield)
rPois  .         rRot     .     (no helmet)
rElec  .         Spirit   .     (no cloak)
SustAb .         Warding  .     (no gloves)
rMut   .         NoTele   +     (no boots)
Gourm  .                        (no amulet)
MR     .....                    (no ring)
                                (no ring)

@: not resistant to hostile enchantments, stealthy
A: fangs 3, see invisible, unbreathing
a: Bat Form


You were in the Dungeon.
You were not thirsty.

You visited 1 branch You collected 117 gold pieces.

Inventory:

Hand weapons
 a - a +1,+1 dagger (weapon)
Armour
 b - a +1 robe (worn)
Magical devices
 f - a wand of fireball (6) {unknown}
Scrolls
 j - a scroll of blinking
Potions
 d - a potion of blood {@w2}
 h - a potion of magic
 i - a potion of berserk rage
Books
 c - a book of Maledictions

   Spells                             Type                      Level
   *Corona                            Hexes                        1
   Sure Blade                         Hexes/Charms                 2
   *Ensorcelled Hibernation           Hexes/Ice                    2
   *Confuse                           Hexes                        3
   Dazzling Spray                     Conjuration/Hexes            3
   Enslavement                        Hexes                        4


   Skills:
 - Level 4.5 Short Blades
 - Level 2.1 Dodging
 + Level 8.4 Stealth
 * Level 2.0 Spellcasting
 + Level 11.6 Hexes
 - Level 3.9 Ice Magic


You had 2 spell levels left.
You knew the following spells:

 Your Spells              Type           Power        Failure   Level  Hunger
a - Corona                Hex            #####..      1%          1    #......
c - Confuse               Hex            #####...     1%          3    ####...
d - Ensorcelled Hibernat  Hex/Ice        ####..       1%          2    ##.....


Dungeon Overview and Level Annotations

Branches:
Dungeon (1/1)

Altars:
Cheibriados
Dithmenos
Fedhas
Jiyva


Innate Abilities, Weirdness & Mutations

You have razor-sharp teeth.*
You have supernaturally acute eyesight.
You can survive without breathing.*


Message History

The slime creature resists.
* * * LOW MAGIC WARNING * * *
The slime creature hits you!
* * * LOW HITPOINT WARNING * * *
Casting: Confuse
Confirm with . or Enter, or press ? or * to list all spells.
You don't have enough magic to cast that spell.
Unknown command.
There is an open door here.
Things that are here:
a scythe; a robe; the human corpse of Sigmund
There is an open door here.
Drink which item? (? for menu, Esc to quit)
Okay, then.
Drink which item? (? for menu, Esc to quit)
You feel better. The slime creature hits you.
* * * LOW HITPOINT WARNING * * *
Drink which item? (? for menu, Esc to quit)
Magic courses through your body. The slime creature hits you!
You die...

###################
#<.#.)'..#.)'..#__#
#..'..#.)@J.#..'^.+
#..#####'#####+#__#
#..# #..# ### #..#
#### #..# #⌠⌠# ####


You could see a slime creature.

Vanquished Creatures
  An ogre (D)
  Sigmund (D)
  Ijyb (D)
3 creatures vanquished.

Notes
Turn   | Place    | Note
--------------------------------------------------------------
     0 | D        | PolkaDot, the Vampire Enchanter, began the quest for the Orb.
     0 | D        | Reached XP level 1. HP: 13/13 MP: 3/3
     2 | D        | Noticed Ijyb
    63 | D        | Killed Ijyb
    63 | D        | Reached skill level 6 in Stealth
    63 | D        | Reached XP level 2. HP: 4/19 MP: 4/4
   317 | D        | Learned a level 2 spell: Ensorcelled Hibernation
   319 | D        | Noticed an ogre
   321 | D        | Killed an ogre
   321 | D        | Reached skill level 9 in Hexes
   321 | D        | Reached XP level 3. HP: 24/24 MP: 6/6
   321 | D        | Reached XP level 4. HP: 30/30 MP: 7/7
   326 | D        | Learned a level 3 spell: Confuse
   337 | D        | Noticed Sigmund
   339 | D        | Killed Sigmund
   339 | D        | Reached skill level 11 in Hexes
   339 | D        | Reached XP level 5. HP: 35/35 MP: 9/9
   353 | D        | Found a snail-covered altar of Cheibriados.
   353 | D        | Found a shadowy altar of Dithmenos.
   353 | D        | Noticed a slime creature
   354 | D        | Found a viscous altar of Jiyva.
   354 | D        | Found a blossoming altar of Fedhas.
   365 | D        | Mangled by a slime creature

Action                   |  1- 3 |  4- 6 || total
-------------------------+-------+-------++-------
Melee: Dagger            |    59 |     1 ||    60
 Cast: Confuse           |       |     2 ||     2
       Ensorcelled Hiber |       |     1 ||     1
  Use: Potion            |     2 |     2 ||     4
 Stab: Sleeping          |     1 |     1 ||     2
